NCAA
WASHINGTON HUSKIES @ BUTLER BULLDOGS
05/23/2026
 
TOP OF THE 1ST
Washington Huskies batting - Pitching for Butler Bulldogs : RHP Pedro Torres
Pitching: RHP Pedro Torres
Batting: RHB Mike Hall 0-0: Called Strike
0-1: Ball
1-1: Called Strike
1-2: Foul Ball, location: 2F
1-2: Strikes out swinging
Batting: RHB Christian Martin 0-0: Ball
1-0: Ball
Single, Error in OF, E7, batter to second base
Batting: RHB Jeff O'Toole 0-0: Ball
1-0: Fly out, F4 (Popup, 4MD)
Batting: LHB António Muńóz 0-0: SINGLE (Groundball, 56S) (infield hit)
Christian Martin to third
Batting: RHB Jeff Shephard 0-0: Swinging Strike
0-1: Ball
1-1: SINGLE (Groundball, 4M)
Christian Martin scores
António Muńóz to second
Batting: RHB Luis Maestas 0-0: Foul Ball, location: 2F
0-1: Swinging Strike
0-2: Foul Ball, location: 2F
0-2: Ball
1-2: Foul Ball, location: 2F
1-2: Ball
2-2: Ball
3-2: Foul Ball, location: 2F
3-2: Strikes out swinging
Top of the 1st over - 1 run(s), 3 hit(s), 1 error(s), 2 left on base; Washington 1 - Butler 0
BOTTOM OF THE 1ST
Butler Bulldogs batting - Pitching for Washington Huskies : LHP Stanley Wise
Pitching: LHP Stanley Wise
Batting: RHB Steve West 0-0: Foul Ball, location: 2F
0-1: Ball
1-1: Ball
2-1: Foul Ball, location: 2F
2-2: Strikes out swinging
Batting: RHB Elliott Horn 0-0: Called Strike
0-1: Fly out, F7 (Flyball, 7M)
Batting: RHB Chris Miles 0-0: Ball
1-0: Swinging Strike
1-1: Ball
2-1: Ball
3-1: Called Strike
3-2: Foul Ball, location: 2F
3-2: Strikes out swinging passed ball, reaches first!
Batting: RHB Rob Gilbert 0-0: Foul Ball, location: 2F
0-1: Foul Ball, location: 2F
0-2: Strikes out swinging
Bottom of the 1st over - 0 run(s), 0 hit(s), 0 error(s), 1 left on base; Washington 1 - Butler 0
TOP OF THE 2ND
Washington Huskies batting - Pitching for Butler Bulldogs : RHP Pedro Torres
Batting: RHB Ben Johnson 0-0: Swinging Strike
0-1: Ball
1-1: Ball
2-1: DOUBLE (Groundball, 5L)
Batting: SHB José Ruíz 0-0: SINGLE (Line Drive, 34D)
Ben Johnson to third
Runner from 3rd tries for Home, SAFE, throw made home
José Ruíz to second
Batting: RHB Toby Hurley 0-0: Swinging Strike
0-1: Called Strike
0-2: Strikes out looking
Batting: RHB Mike Hall 0-0: Ball
1-0: Called Strike
1-1: Swinging Strike
1-2: Foul Ball, location: 2F
1-2: Fly out, F9 (Flyball, 89M)
Batting: RHB Christian Martin 0-0: Called Strike
0-1: Fly out, F9 (Flyball, 9LS)
Top of the 2nd over - 1 run(s), 2 hit(s), 0 error(s), 1 left on base; Washington 2 - Butler 0
BOTTOM OF THE 2ND
Butler Bulldogs batting - Pitching for Washington Huskies : LHP Stanley Wise
Batting: RHB Jorge Calderón 0-0: Fly out, F9 (Flyball, 9M)
Batting: LHB Ralph Jackson 0-0: Ball
1-0: Swinging Strike
1-1: Ball
2-1: Foul Ball, location: 2F
2-2: Foul Ball, location: 2F
2-2: Strikes out swinging
Batting: LHB Nick Hopper 0-0: Swinging Strike
0-1: Foul Ball, location: 2F
0-2: Ball
1-2: SINGLE (Groundball, 34D)
Batting: RHB Will Anderson 0-0: Ball
1-0: Ball
2-0: Ball
3-0: Called Strike
3-1: SINGLE (Flyball, 78S)
Nick Hopper to second
Batting: RHB Marv Shepard 0-0: Foul Ball, location: 2F
0-1: Ball
1-1: Called Strike
1-2: Foul Ball, location: 2F
1-2: Fly out, F9 (Flyball, 9S)
Bottom of the 2nd over - 0 run(s), 2 hit(s), 0 error(s), 2 left on base; Washington 2 - Butler 0
TOP OF THE 3RD
Washington Huskies batting - Pitching for Butler Bulldogs : RHP Pedro Torres
Batting: RHB Jeff O'Toole 0-0: DOUBLE (Line Drive, 9LM)
Batting: LHB António Muńóz 0-0: Fly out, F7 (Popup, 7LSF)
Batting: RHB Jeff Shephard 0-0: Foul Ball, location: 2F
0-1: DOUBLE (Line Drive, 8LM)
Jeff O'Toole scores
Batting: RHB Luis Maestas 0-0: Ball
1-0: Fly out, F5 (Line Drive, 5)
Batting: RHB Ben Johnson 0-0: Swinging Strike
0-1: Ball
1-1: Ball
2-1: Fly out, F8 (Flyball, 8RM)
Top of the 3rd over - 1 run(s), 2 hit(s), 0 error(s), 1 left on base; Washington 3 - Butler 0
BOTTOM OF THE 3RD
Butler Bulldogs batting - Pitching for Washington Huskies : LHP Stanley Wise
Batting: RHB Steve West 0-0: Ball
1-0: Ball
2-0: Ball
3-0: Called Strike
3-1: Swinging Strike
3-2: Strikes out swinging
Batting: RHB Elliott Horn 0-0: Ball
1-0: Reached on error, E6 (Groundball, 6M)
Batting: RHB Chris Miles 0-0: Ball
1-0: Foul Ball, location: 2F
1-1: Ball
2-1: Foul Ball, location: 2F
2-2: Ball
3-2: Foul Ball, location: 2F
3-2: SINGLE (Groundball, 3D)
Elliott Horn to third
Runner from 3rd tries for Home, SAFE, throw made home
Chris Miles to second
Batting: RHB Rob Gilbert 0-0: Ball
1-0: Ball
2-0: Called Strike
2-1: Ball
3-1: Foul Ball, location: 2F
3-2: Base on Balls
Batting: RHB Jorge Calderón 0-0: Called Strike
Chris Miles steals 3rd base
Rob Gilbert to second
0-1: Ball
1-1: Foul Ball, location: 2F
1-2: Strikes out swinging
Batting: LHB Ralph Jackson 0-0: Called Strike
0-1: Ball
1-1: 3-RUN HOME RUN (Flyball, 9D), Distance : 407 ft
Batting: LHB Nick Hopper 0-0: Ball
1-0: Bunt for hit - play at first, batter OUT! 1-3
Bottom of the 3rd over - 4 run(s), 2 hit(s), 1 error(s), 0 left on base; Washington 3 - Butler 4
TOP OF THE 4TH
Washington Huskies batting - Pitching for Butler Bulldogs : RHP Pedro Torres
Batting: SHB José Ruíz 0-0: Ball
1-0: Swinging Strike
1-1: DOUBLE (Flyball, 89M)
Batting: RHB Toby Hurley 0-0: Ball
1-0: Foul Ball, location: 2F
1-1: Called Strike
1-2: 2-RUN HOME RUN (Flyball, 78XD), Distance : 422 ft
Batting: RHB Mike Hall 0-0: Ball
1-0: Called Strike
1-1: Fly out, F4 (Popup, 4D)
Batting: RHB Christian Martin 0-0: Ball
1-0: Ball
2-0: Ball
3-0: Base on Balls
Batting: RHB Jeff O'Toole 0-0: Fielders Choice at 2nd, 6-4 (Groundball, 6)
Batting: LHB António Muńóz 0-0: Ball
1-0: Fly out, F7 (Flyball, 7LM)
Top of the 4th over - 2 run(s), 2 hit(s), 0 error(s), 1 left on base; Washington 5 - Butler 4
BOTTOM OF THE 4TH
Butler Bulldogs batting - Pitching for Washington Huskies : LHP Stanley Wise
Batting: RHB Will Anderson 0-0: Ball
1-0: Called Strike
1-1: Ball
2-1: Foul Ball, location: 2F
2-2: Ball
3-2: Fly out, F6 (Popup, 6D)
Batting: RHB Marv Shepard 0-0: Foul Ball, location: 2F
0-1: Called Strike
0-2: Ball
1-2: Strikes out looking
Batting: RHB Steve West 0-0: Called Strike
0-1: Ball
1-1: Foul Ball, location: 2F
1-2: Ball
2-2: Ball
3-2: Base on Balls
Pitching: RHP Christian Coleman
Batting: RHB Elliott Horn 0-0: Called Strike
Steve West steals 2nd base
0-1: Fly out, F9 (Flyball, 9LM)
Bottom of the 4th over - 0 run(s), 0 hit(s), 0 error(s), 1 left on base; Washington 5 - Butler 4
TOP OF THE 5TH
Washington Huskies batting - Pitching for Butler Bulldogs : RHP Pedro Torres
Batting: RHB Jeff Shephard 0-0: Ground out 6-3 (Groundball, 6)
Batting: RHB Luis Maestas 0-0: Ball
1-0: SINGLE (Groundball, 34D)
Batting: RHB Ben Johnson 0-0: Hit by Pitch
Luis Maestas to second
Batting: SHB José Ruíz 0-0: Called Strike
0-1: Ball
1-1: Ball
2-1: Foul Ball, location: 2F
2-2: Ball
3-2: Base on Balls
Luis Maestas to third
Ben Johnson to second
Batting: RHB Toby Hurley 0-0: Swinging Strike
0-1: Called Strike
0-2: Ball
1-2: Foul Ball, location: 2F
1-2: Foul Ball, location: 2F
1-2: Foul Ball, location: 2F
1-2: Foul Ball, location: 2F
1-2: Ball
2-2: Strikes out looking
Pitching: RHP Mike Moore
Batting: RHB Mike Hall 0-0: Ground out 6-3 (Groundball, 6)
Top of the 5th over - 0 run(s), 1 hit(s), 0 error(s), 3 left on base; Washington 5 - Butler 4
BOTTOM OF THE 5TH
Butler Bulldogs batting - Pitching for Washington Huskies : RHP Christian Coleman
Batting: RHB Chris Miles 0-0: Called Strike
0-1: Ball
1-1: Ball
2-1: Foul Ball, location: 2F
2-2: Ball
3-2: Foul Ball, location: 2F
3-2: Foul Ball, location: 2F
3-2: Foul Ball, location: 2F
3-2: Foul Ball, location: 2F
3-2: Base on Balls
Batting: RHB Rob Gilbert 0-0: Ball
1-0: Called Strike
1-1: Called Strike
1-2: Strikes out swinging
Batting: RHB Jorge Calderón 0-0: Ball
1-0: Ball
2-0: Swinging Strike
2-1: Foul Ball, location: 2F
2-2: Ball
3-2: SINGLE (Line Drive, 78M)
Chris Miles to second
Batting: LHB Ralph Jackson 0-0: Ball
1-0: Foul Ball, location: 2F
1-1: Ball
2-1: Ball
3-1: Base on Balls
Chris Miles to third
Jorge Calderón to second
Batting: LHB Nick Hopper 0-0: Ball
1-0: Ball
2-0: Foul Ball, location: 2F
2-1: Ball
3-1: Swinging Strike
3-2: Foul Ball, location: 2F
3-2: Base on Balls
Chris Miles scores
Jorge Calderón to third
Ralph Jackson to second
Batting: RHB Will Anderson 0-0: Ball
1-0: Ball
2-0: Ball
3-0: Base on Balls
Jorge Calderón scores
Ralph Jackson to third
Nick Hopper to second
Batting: RHB Marv Shepard 0-0: Ball
1-0: Called Strike
1-1: Ball
2-1: Foul Ball, location: 2F
2-2: Ball
3-2: Base on Balls
Ralph Jackson scores
Nick Hopper to third
Will Anderson to second
Batting: RHB Steve West 0-0: Swinging Strike
0-1: Foul Ball, location: 2F
0-2: Strikes out swinging
Batting: RHB Elliott Horn 0-0: Called Strike
0-1: Ball
1-1: Ball
2-1: Ball
3-1: Called Strike
3-2: Strikes out swinging
Bottom of the 5th over - 3 run(s), 1 hit(s), 0 error(s), 3 left on base; Washington 5 - Butler 7
TOP OF THE 6TH
Washington Huskies batting - Pitching for Butler Bulldogs : RHP Mike Moore
Batting: RHB Christian Martin 0-0: Called Strike
0-1: Foul Ball, location: 2F
0-2: Foul Ball, location: 2F
0-2: Ball
1-2: Ball
2-2: SINGLE (Groundball, 56D) (infield hit)
Batting: RHB Jeff O'Toole 0-0: Fly out, F3 (Popup, 23F)
Batting: LHB António Muńóz 0-0: Swinging Strike
0-1: Ball
1-1: Ball
2-1: Called Strike
2-2: Foul Ball, location: 2F
2-2: Foul Ball, location: 2F
2-2: Strikes out swinging
Batting: RHB Jeff Shephard 0-0: Ball
1-0: Called Strike
1-1: Ball
2-1: Fly out, F9 (Flyball, 89D)
Top of the 6th over - 0 run(s), 1 hit(s), 0 error(s), 1 left on base; Washington 5 - Butler 7
BOTTOM OF THE 6TH
Butler Bulldogs batting - Pitching for Washington Huskies : RHP Christian Coleman
Pitching: LHP Jason Smith
Batting: RHB Chris Miles 0-0: Ball
1-0: Called Strike
1-1: SINGLE (Line Drive, 7LS)
Batting: RHB Rob Gilbert 0-0: Ball
1-0: Ball
2-0: Grounds into double play, 6-4-3 (Groundball, 6M)
Batting: RHB Jorge Calderón 0-0: Fly out, F8 (Line Drive, 8LS)
Bottom of the 6th over - 0 run(s), 1 hit(s), 0 error(s), 0 left on base; Washington 5 - Butler 7
TOP OF THE 7TH
Washington Huskies batting - Pitching for Butler Bulldogs : RHP Mike Moore
Batting: RHB Luis Maestas 0-0: Foul Ball, location: 2F
0-1: Called Strike
0-2: Foul Ball, location: 2F
0-2: Foul Ball, location: 2F
0-2: Ball
1-2: DOUBLE (Line Drive, 89D)
Batting: RHB Ben Johnson 0-0: Called Strike
0-1: Ground out 6-3 (Groundball, 6)
Luis Maestas to third
Batting: SHB José Ruíz 0-0: Called Strike
0-1: Ball
1-1: Foul Ball, location: 2F
1-2: Fly out, F8 (Flyball, 8LM)
Runner from 3rd tags up, SCORES, throw made
Batting: RHB Toby Hurley 0-0: Ball
1-0: Swinging Strike
1-1: Foul Ball, location: 2F
1-2: Strikes out swinging
Top of the 7th over - 1 run(s), 1 hit(s), 0 error(s), 0 left on base; Washington 6 - Butler 7
BOTTOM OF THE 7TH
Butler Bulldogs batting - Pitching for Washington Huskies : LHP Jason Smith
Batting: LHB Ralph Jackson 0-0: Ball
1-0: Ball
2-0: Ball
3-0: Called Strike
3-1: Foul Ball, location: 2F
3-2: SINGLE (Flyball, 8LS)
Batting: LHB Nick Hopper 0-0: Called Strike
0-1: Sac Bunt - play at first, batter OUT! 1-4
Ralph Jackson to second
Batting: RHB Will Anderson 0-0: Intentional Walk
Batting: RHB Marv Shepard 0-0: Ball
1-0: Ball
2-0: Called Strike
2-1: Fly out, F9 (Line Drive, 9M)
2-1: Lined into DP, 9-6 (Line Drive, 9M)
Bottom of the 7th over - 0 run(s), 1 hit(s), 0 error(s), 1 left on base; Washington 6 - Butler 7
TOP OF THE 8TH
Washington Huskies batting - Pitching for Butler Bulldogs : RHP Mike Moore
Pitching: RHP Clarence Wood
Batting: RHB Mike Hall 0-0: Ball
1-0: Ball
2-0: Foul Ball, location: 2F
2-1: Fly out, F8 (Flyball, 8RS)
Pitching: RHP Dave Edwards
Batting: RHB Christian Martin 0-0: Called Strike
0-1: Ball
1-1: Ball
2-1: Swinging Strike
2-2: Strikes out looking
Batting: RHB Jeff O'Toole 0-0: Called Strike
0-1: Ball
1-1: Ball
2-1: Foul Ball, location: 2F
2-2: Ground out 6-3 (Groundball, 6D)
Top of the 8th over - 0 run(s), 0 hit(s), 0 error(s), 0 left on base; Washington 6 - Butler 7
BOTTOM OF THE 8TH
Butler Bulldogs batting - Pitching for Washington Huskies : LHP Jason Smith
Pitching: RHP Cory Graham
Batting: RHB Steve West 0-0: Fly out, F4 (Line Drive, 4M)
Batting: RHB Elliott Horn 0-0: Ball
1-0: Called Strike
1-1: Ground out 6-3 (Groundball, 6M)
Batting: RHB Chris Miles 0-0: Called Strike
0-1: Ball
1-1: Foul Ball, location: 2F
1-2: Ball
2-2: Ball
3-2: Ground out 4-3 (Groundball, 4)
Bottom of the 8th over - 0 run(s), 0 hit(s), 0 error(s), 0 left on base; Washington 6 - Butler 7
TOP OF THE 9TH
Washington Huskies batting - Pitching for Butler Bulldogs : RHP Dave Edwards
Pitching: LHP Dave Rose
Now at C: Keith Stimson
Now at 1B: Millard Walker
Batting: LHB António Muńóz 0-0: Ball
1-0: SINGLE (Flyball, 7LS)
Batting: RHB Jeff Shephard 0-0: Called Strike
0-1: Swinging Strike
0-2: Ball
1-2: Foul Ball, location: 2F
1-2: Ball
2-2: Strikes out swinging
Batting: RHB Luis Maestas 0-0: Ball
1-0: Ball
2-0: Ball
3-0: Foul Ball, location: 2F
3-1: SINGLE (Line Drive, 4MD)
António Muńóz to second
Batting: RHB Ben Johnson 0-0: Foul Ball, location: 2F
0-1: Ball
1-1: Foul Ball, location: 2F
1-2: Ball
2-2: Strikes out swinging
Batting: SHB José Ruíz 0-0: Ball
1-0: Called Strike
1-1: Swinging Strike
1-2: Strikes out swinging
Top of the 9th over - 0 run(s), 2 hit(s), 0 error(s), 2 left on base; Washington 6 - Butler 7
Monday, December 5th, 2016 - OOTP Baseball 17.12 Build 75